 Dungeon Crawl Stone Soup version 0.27.1 (webtiles) character file.

Game seed: 5605321757813348086

711 Destapler the Ducker (level 7, -3/52 HPs)
             Began as a Merfolk Venom Mage on Aug 31, 2021.
             Slain by an ogre (26 damage)
             ... on level 5 of the Dungeon.
             The game lasted 00:14:16 (5659 turns).

Destapler the Ducker (Merfolk Venom Mage)           Turns: 5659, Time: 00:14:17

Health: -3/52      AC:  4    Str:  8    XL:     7   Next: 68%
Magic:  9/11       EV: 15    Int: 14    God:
Gold:   207        SH:  0    Dex: 17    Spells: 11/12 levels left

rFire    . . .     SeeInvis .   a - +0 spear
rCold    . . .     Faith    .   (no shield)
rNeg     . . .     Spirit   .   g - +0 robe
rPois    .         Reflect  .   k - +1 helmet
rElec    .         Harm     .   (no cloak)
rCorr    .         Rampage  .   (no gloves)
Will     .....                  (no boots)
Stlth    ++........             (no amulet)
HPRegen  0.17/turn              s - +4 ring of slaying
MPRegen  0.12/turn              (no ring)

@: very slightly contaminated
A: (nimble swimmer 2), mertail
a: no special abilities


You were on level 5 of the Dungeon.
You visited 1 branch of the dungeon, and saw 5 of its levels.
You also visited: Sewer.

You collected 207 gold pieces.

Inventory:

Hand Weapons
 a - a +0 spear (weapon)
 d - a +0 short sword
Missiles
 f - 52 poisoned darts
 j - 7 atropa-tipped darts
 x - 4 boomerangs of dispersal
Armour
 g - a +0 robe (worn)
 k - a +1 helmet (worn)
Jewellery
 s - a +4 ring of slaying (left hand)
Wands
 u - a wand of flame (21)
 y - a wand of charming (9)
Scrolls
 c - 3 scrolls of identify
 e - 3 scrolls of noise
 i - 4 scrolls of teleportation {unknown}
 l - a scroll of fog {unknown}
 n - a scroll of enchant armour {unknown}
 q - 2 scrolls of fear {unknown}
 r - a scroll of blinking {unknown}
Potions
 b - 3 potions of ambrosia
 h - 2 potions of heal wounds {unknown}
 m - a potion of flight {unknown}
 o - a potion of resistance {unknown}
 p - 2 potions of cancellation {unknown}
 t - a potion of curing {unknown}
 v - a potion of invisibility {unknown}
 w - a potion of berserk rage {unknown}


   Skills:
 - Level 3.0 Fighting
 + Level 5.5 Polearms
 + Level 6.0 Dodging
 - Level 3.0 Stealth
 - Level 3.0 Spellcasting
 - Level 3.0 Transmutations
 - Level 3.5 Poison Magic
 + Level 2.5 Evocations


You had 11 spell levels left.
You knew the following spells:

 Your Spells              Type           Power      Damage    Failure   Level
a - Sting                 Tmut/Pois      44%        1d5       5%          1

Your spell library contained the following spells:

 Spells                   Type           Power      Damage    Failure   Level
 Poisonous Vapours        Pois/Air       14%        N/A       16%         2
 Magic Dart               Conj           8%         1d3       22%         1
 Searing Ray              Conj           4%         3d3       32%         2
 Mephitic Cloud           Conj/Pois/Air  5%         N/A       36%         3
 Olgreb's Toxic Radiance  Pois           12%        N/A       45%         4
 Fulminant Prism          Conj/Hex       1%         3d6       91%         4


Dungeon Overview and Level Annotations

Branches:
Dungeon (5/15)              Sewer (visited)
 Temple: D:4-7

Altars:
Elyvilon
Uskayaw

Shops:
D:3 ?


Innate Abilities, Weirdness & Mutations

((You are quick and stealthy near water. (Stealth+, EV+, Speed+++)))
Your lower body shifts to a powerful aquatic tail in water.


Message History

The helpless scorpion fails to defend itself.
You hit the scorpion.
The scorpion is lightly wounded.
The sting hits the scorpion but does no damage.
The scorpion is poisoned.
The scorpion is lightly wounded.
The scorpion stings you.
The sting hits the scorpion.
The scorpion looks even sicker.
The scorpion is heavily wounded.
The scorpion closely misses you.
The sting hits the scorpion but does no damage.
The scorpion looks even sicker.
The scorpion is severely wounded.
The scorpion misses you.
The scorpion stings you but does no damage.
A scorpion is nearby!
You hit the scorpion.
You kill the scorpion!
Your life force feels restored.
Your Dodging skill increases to level 6!
No target in view!
No target in view!
You see here a scorpion corpse.
Found a gold wand.
Found a scroll labelled MAH XYIM HELYX.
y - a wand of charming (9)
Found a cyan potion.
An ogre comes into view. It is wielding a +0 giant club.
Found a dagger.
The ogre shouts!
You miscast Sting.
You are very lightly contaminated with residual magic.
Nothing appears to happen.
The ogre hits you with a +0 giant club!!
Ouch! That really hurt!
The sting hits the ogre.
The ogre is poisoned.
The ogre is lightly wounded.
The ogre hits you with a +0 giant club!!
Ouch! That really hurt!
You die...

#..... ....
#.....#+....
....#.......
#..).........
#.............
#..............
#..O............
#..@.............
#................
#................
#..?.............
#................
#..!.............
#.
#####............
#. ####...#####
##.
###...#######..


You could see an ogre (poisoned).

Vanquished Creatures
  Purgy (Sewer)
  A sky beast (D:4)
  A scorpion (D:5)
  A water moccasin skeleton (D:4)
  A wight (D:5)
  3 orc priests (D:4)
  A hound (D:4)
  A centaur skeleton (D:4)
  2 iguanas
  An orc wizard (D:4)
  A howler monkey skeleton (D:4)
  5 adders
  2 shadow imps (D:4)
  2 dart slugs
  7 orcs (D:4)
  4 ball pythons
  6 endoplasms
  7 giant cockroaches
  5 goblins
  2 hobgoblins
  9 jackals
  8 kobolds
  2 quokkas
  4 bats
  9 frilled lizards
  4 rats
90 creatures vanquished.

Vanquished Creatures (others)
  An orc wizard (D:4)
1 creature vanquished.

Grand Total: 91 creatures vanquished

Notes
Turn   | Place    | Note
-------+----------+-------------------------------------------
     0 | D:1      | Destapler the Merfolk Venom Mage began the quest for the
                  | Orb.
     0 | D:1      | Reached XP level 1. HP: 13/13 MP: 3/3
   297 | D:1      | Reached XP level 2. HP: 19/19 MP: 3/5
   401 | D:1      | Reached skill level 3 in Dodging
  1099 | D:2      | Reached XP level 3. HP: 18/24 MP: 4/6
  1673 | D:2      | Reached skill level 1 in Polearms
  2158 | D:3      | Reached XP level 4. HP: 31/31 MP: 4/7
  2173 | D:3      | Found a glowing drain.
  2257 | Sewer    | Entered a sewer
  2290 | Sewer    | Reached skill level 1 in Fighting
  2415 | Sewer    | Noticed Purgy
  2450 | Sewer    | Killed Purgy
  2451 | Sewer    | Reached XP level 5. HP: 38/38 MP: 0/9
  2683 | D:3      | Found Saops's Magic Scroll Emporium.
  2776 | D:3      | Found a hide-covered altar of Uskayaw.
  3260 | D:3      | Reached skill level 4 in Dodging
  3776 | D:4      | Found a transporter.
  3799 | D:4      | Found a transporter.
  3832 | D:4      | Reached XP level 6. HP: 11/46 MP: 10/10
  4419 | D:4      | Found a white marble altar of Elyvilon.
  4630 | D:4      | Reached skill level 5 in Dodging
  4669 | D:4      | Reached skill level 1 in Evocations
  4669 | D:4      | Reached XP level 7. HP: 39/52 MP: 11/11
  5181 | D:5      | Entered Level 5 of the Dungeon
  5221 | D:4      | Reached skill level 5 in Polearms
  5588 | D:5      | Reached skill level 6 in Dodging
  5659 | D:5      | Slain by an ogre

Illustrated notes

Levels and vault maps discovered:
D:1:      minmay_arrival_four_circles, layout_loops_ring
D:2:      layout_loops_ring, minmay_split_cup_small
D:3:      layout_basic, nicolae_uskayaw_dance_hall, gup_sewer_entry_glass,
          serial_shops, nicolae_shop_statue_plus, kennysheep_generic_room_3
D:4:      gammafunk_wand_slinger, layout_loops_cross, elyvilon_altar_4,
          minmay_crystal_room
D:5:      layout_basic, minmay_temple_entry_hall, minmay_diced_spiral,
          uniq_crazy_yiuf_cottage, uniq_edmund, uniq_grinder, uniq_duvessa

Skill      XL: |  1  2  3  4  5  6  7 |
---------------+----------------------+-----
Dodging        | 3 4 5 6 |  6.0
Transmutations | 2 3 |  3.0
Polearms       | 1 2 3 4 5 |  5.5
Fighting       | 1 2 3 |  3.0
Stealth        | 3 |  3.0
Spellcasting   | 3 |  3.0
Evocations     | 1 2 |  2.5
Poison Magic   | |  3.5

Action                   |  1- 3 |  4- 6 |  7- 9 || total
-------------------------+-------+-------+-------++-------
Melee: Unarmed           |     3 |       |       ||     3
       Spear             |    37 |    95 |    41 ||   173
       Short sword       |     2 |       |       ||     2
       Tailslap          |       |     2 |       ||     2
Throw: Dart              |     7 |     4 |       ||    11
 Cast: Sting             |    54 |    65 |    34 ||   153
  Use: Scroll            |     3 |       |       ||     3
       Potion            |       |     1 |       ||     1
 Stab: Sleeping          |     2 |     1 |     1 ||     4
Armor: Robe              |    15 |    25 |     8 ||    48
Dodge: Dodged            |    39 |    74 |    38 ||   151
